[Event "Late-Titled-Tuesday-Blitz-October-10-2023"]
[Site "Chess.com"]
[Date "2023.10.10"]
[Round "6"]
[White "alexrustemov"]
[Black "THE_PLAYER6"]
[Result "0-1"]
[WhiteElo "2823"]
[BlackElo "2651"]
[TimeControl "180+1"]
[EndTime "15:04:00 PDT"]
[Termination "THE_PLAYER6 won by checkmate"]

1. d4 Nf6 2. c4 e6 3. Nf3 d5 4.
Nc3 a6 5. cxd5 exd5 6. Bg5 Be7 7.
e3 c6 8. Qc2 Be6 9. Bd3 Nbd7 10. O-O h6 11. Bh4 Bd6 12. Bg3 Qb8 13. Bxd6 Qxd6 14. h3 O-O 15. Rfc1 Rfe8 16. Na4 Ne4 17. b4 f5 18. Nc5 Ndxc5 19. bxc5 Qc7 20. Ne5 Rad8 21. f4 Bc8 22. Bxe4 fxe4 23. Rf1 Rf8 24. Qf2 Kh7 25. g4 Rf6 26. Qg3 Rdf8 27. Rf2 Qe7 28. f5 Qc7 29. Raf1 Kg8 30. h4 b6 31. cxb6 Qxb6 32.
Rc1 a5 33. h5 Qb8 34. Kh2 Qc7 35. Nxc6 Qd7 36. Ne5 Qe8 37. Ng6 R8f7 38. Qe5 Qd8 39.
Rfc2 Bb7 40. Rc7 Rxg6 41. hxg6 Qh4+ 42. Kg2 Qxg4+ 43. Qg3 Qe2+ 44. Qf2 Qg4+ 45. Kh2 Qh5+ 46. Kg3 Qg5+ 47. Kh3 Qh5+ 48. Qh4 Qf3+ 49. Qg3 Qxf5+ 50. Kh2 Qh5+ 51. Kg1 Rf3 52. Qxf3 Qxf3 53. Rc8+ Bxc8 54. Rxc8+ Qf8 55. Rxf8+ Kxf8 56. Kf2 Ke7 57. Kg3 Kf6 58. Kf4 h5 59. a4 Kxg6 60. Ke5 h4 61. Kxd5 h3 62. Ke6 h2 63. d5 h1=Q 64. d6 Qd1 65. d7 Kg5 66. Ke7 Kg4 67. d8=Q Qxd8+ 68. Kxd8 Kf3 69. Kc7 Kxe3 70. Kb6 Kd4 71. Kxa5 Kc5 72. Ka6 Kc6 73. Ka7 e3 74. a5 e2 75. a6 e1=Q 76. Kb8 Qe8+ 77. Ka7 Qe3+ 78.
Ka8 Kb6 79. a7 Qe8# 0-1

[Event "Late-Titled-Tuesday-Blitz-October-10-2023"]
[Site "Chess.com"]
[Date "2023.10.10"]
[Round "6"]
[White "Cambek64"]
[Black "canary2016"]
[Result "1-0"]
[WhiteElo "2404"]
[BlackElo "2172"]
[TimeControl "180+1"]
[EndTime "15:04:03 PDT"]
[Termination "Cambek64 won on time"]

1. b3 e5 2. Bb2 Nc6 3. e3 Nf6 4. c4 g6 5. d3 Bg7 6. Nd2 O-O 7. a3 d5 8. cxd5 Nxd5 9. Qc2 Be6 10. Ngf3 Qd6 11.
Be2 Rad8 12. O-O Nde7 13. Nc4 Qd7 14. Ncxe5 Nxe5 15. Nxe5 Qc8 16. b4 Bf5 17. Rac1 c6 18. Rfd1 Rfe8 19. Nf3 Bg4 20. Bxg7 Kxg7 21. h3 Be6 22.
Qb2+ Kg8 23. Ng5 Nd5 24. Ne4 Qd7 25. Nc5 Qe7 26. Nxe6 Qxe6 27. Bf3 Nf6 28. d4 Rd7 29. b5 cxb5 30. Qxb5 b6 31. a4 Red8 32. Rc6 Rd6 33. Rdc1 Kg7 34. Rxd6 Qxd6 35. Rc6 Qa3 36. Qc4 Qa1+ 37.
Kh2 Qe1 38. Qc2 Re8 39. Rc7 a6 40. Qe2 Qa5 41. Qc2 Rf8 42. g4 b5 43. axb5 axb5 44.
Rb7 Qa6 45. Qc6 Qa4 46. Qxb5 Qxb5 47. Rxb5 Rc8 48. Kg3 Rc2 49. g5 Nd7 50. h4 Nf8 51. Bg4 Rc7 52. d5 Rc8 53. e4 Rd8 54. f3 Nd7 55.
Bxd7 Rxd7 56. Kf4 Kf8 57. Rb2 Ke7 58. Ke5 Rd8 59. f4 Ke8 60. f5 Rd7 61. f6 Rd8 62. Rb7 Rc8 63. Kd6 Kf8 64. e5 Rd8+ 65. Rd7 Rc8 66.
e6 fxe6 67. dxe6 Re8 68. Rxh7 Kg8 69. Rg7+ Kf8 70. Rxg6 Rd8+ 71. Ke5 Ra8 72. e7+ Kf7 73. Rg7+ 1-0

[Event "Late-Titled-Tuesday-Blitz-October-10-2023"]
[Site "Chess.com"]
[Date "2023.10.10"]
[Round "6"]
[White "emeli_chess"]
[Black "Chesstrainer1"]
[Result "0-1"]
[WhiteElo "2391"]
[BlackElo "2478"]
[TimeControl "180+1"]
[EndTime "15:04:04 PDT"]
[Termination "Chesstrainer1 won on time"]

1. d4 Nf6 2. c4 e6 3. Nc3 Bb4 4. Qc2 O-O 5. e4 d5 6. e5 Ne4 7. Bd3 c5 8. Nf3 cxd4 9. Nxd4 Nd7 10. Bf4 Qh4 11. g3 Qh5 12. O-O Bxc3 13. bxc3 Nxe5 14.
Bxe4 dxe4 15. Qxe4 Ng4 16. Qg2 e5 17. f3 Qxh2+ 18.
Qxh2 Nxh2 19. Kxh2 exf4 20. gxf4 Bd7 21. Rfe1 Rfe8 22.
Nb5 Kf8 23. Nd6 Rxe1 24. Rxe1 b6 25. Re5 Rd8 26. c5 Bc6 27. Ne4 b5 28. Nd6 a6 29.
Kg3 f6 30. Re6 Bd5 31. Re3 Bxa2 32. f5 Bd5 33. Rd3 Bc6 34. Rd2 a5 35. Rb2 a4 36.
Nxb5 Rb8 37. c4 a3 38. Ra2 Bxb5 39.
cxb5 Rxb5 40. c6 Rc5 41. Rxa3 Rxc6 42. Kg4 Rc4+ 43. f4 Rc7 44. Ra6 Kf7 45. Rb6 Rd7 46. Ra6 Rc7 47. Rb6 Rd7 48. Ra6 g6 49. fxg6+ hxg6 50. Rb6 Kg7 51. Ra6 Rd1 52. Kg3 Rg1+ 53. Kf3 Rf1+ 54.
Kg4 f5+ 55. Kg3 Rg1+ 56. Kf3 Rb1 57. Kg3 Rb3+ 58. Kf2 Kh6 59. Rc6 Kh5 60. Ra6 Rb4 61. Kf3 Rb3+ 62. Kf2 Rc3 63. Rb6 Rc4 64. Kf3 Rc3+ 65.
Kf2 Kg4 66. Rxg6+ Kxf4 67. Rg8 Rc2+ 68. Ke1 Kf3 69. Ra8 f4 70. Ra3+ Kg2 71. Kd1 Rb2 0-1

[Event "Late-Titled-Tuesday-Blitz-October-10-2023"]
[Site "Chess.com"]
[Date "2023.10.10"]
[Round "6"]
[White "Grischuk"]
[Black "Iball95"]
[Result "1-0"]
[WhiteElo "2986"]
[BlackElo "2834"]
[TimeControl "180+1"]
[EndTime "15:04:07 PDT"]
[Termination "Grischuk won on time"]

1. d4 d5 2. Nf3 Nf6 3. Bg5 Ne4 4. Bh4 c6 5. e3 Bf5 6. c4 Qa5+ 7. Nbd2 e6 8. a3 Nd7 9. Be2 dxc4 10. Bxc4 Bd6 11.
O-O O-O 12. Be2 h6 13. Nc4 Qc7 14. Nxd6 Qxd6 15. Nd2 Nxd2 16. Qxd2 a5 17. f3 Bh7 18.
e4 a4 19. Rac1 Rfe8 20. Rfd1 Nf8 21. Qb4 Qd7 22. Bf1 Ng6 23. Bg3 h5 24. d5 exd5 25. exd5 Qf5 26. dxc6 bxc6 27. Rc5 Qe6 28. Rxh5 Qe3+ 29. Bf2 Qb3 30. Qxb3 axb3 31. Bg3 Ne7 32. Re5 Nd5 33. Rxe8+ Rxe8 34. Re1 Ra8 35. Bc4 Bc2 36.
Bf2 Ra4 37. Bf1 Nf4 38. Re8+ Kh7 39. Be3 Nd3 40. Bxd3+ Bxd3 41. Rd8 Bf5 42. Rd4 Ra8 43. Kf2 f6 44. Rd6 Ra6 45. g4 Bg6 46. h4 Kg8 47. Rd8+ Kf7 48. Rd7+ Kg8 49. Ra7 Rxa7 50. Bxa7 Bd3 51. a4 Kf7 52. Ke3 Ba6 53. h5 g6 54. Bd4 gxh5 55. gxh5 Kg7 56. Kf4 Be2 57. a5 Kh6 58. Bxf6 Kxh5 59. Bc3 Kg6 60. Ke4 Ba6 61. f4 c5 62. f5+ Kf7 63. Kd5 Bc8 64. f6 Kg6 65. Kxc5 Kf5 66. Kb6 Ke6 67. a6 Bxa6 68.
Kxa6 1-0

[Event "Late-Titled-Tuesday-Blitz-October-10-2023"]
[Site "Chess.com"]
[Date "2023.10.10"]
[Round "6"]
[White "Firouzja2003"]
[Black "AsadliVugar"]
[Result "1-0"]
[WhiteElo "3065"]
[BlackElo "2863"]
[TimeControl "180+1"]
[EndTime "15:04:08 PDT"]
[Termination "Firouzja2003 won by resignation"]

1. e4 c5 2. Nf3 Nc6 3. Bb5 e6 4. O-O Nge7 5. Re1 a6 6. Bf1 d5 7.
d3 d4 8. e5 Ng6 9. c3 Be7 10.
g3 O-O 11. a4 Qc7 12. Qe2 f6 13. exf6 gxf6 14. Bh6 Rf7 15. h4 e5 16. h5 Nf8 17.
Nfd2 Be6 18. Bg2 Nd7 19. Na3 Kh8 20. Nac4 Rg8 21. a5 Qc8 22. Ne4 Bxc4 23. dxc4 f5 24. Nd2 e4 25. Bf4 Nde5 26. cxd4 Nd3 27. Bh6 Nxd4 28. Qf1 Nxe1 29. Rxe1 Bg5 30. Bxg5 Rxg5 31.
Re3 Rxh5 32. b4 f4 33. gxf4 Rxf4 34. Nxe4 Re5 35. bxc5 Rexe4 36. Rxe4 Rxe4 37. Bxe4 Qg4+ 38. Qg2 Qd1+ 39. Kh2 Qh5+ 40. Kg1 Qd1+ 41. Kh2 Qh5+ 42. Kg1 Ne2+ 43. Kf1 Nf4 44. Qf3 Qe5 45. Kg1 Qg5+ 46. Kf1 Qe5 47. Kg1 Qa1+ 48. Kh2 Qe5 49. Bxb7 Ne2+ 50.
Kg2 Nf4+ 51. Kg3 Ne2+ 52. Kg4 Qg7+ 53. Kh4 Qh6+ 54. Kg4 Qg6+ 55. Kh4 Qh6+ 56. Kg4 Qg7+ 57. Kh4 Nd4 58. Qe4 Qf6+ 59. Kg4 Qg7+ 60. Kh3 Qh6+ 61. Kg2 Qg5+ 62. Kf1 Qc1+ 63. Qe1 Qxc4+ 64. Kg2 Qg8+ 65. Kh1 Qf7 66. Bg2 Qh5+ 67. Kg1 Ne2+ 68. Kf1 Nf4 69. Qa1+ Kg8 70. Qa2+ Kf8 71. Qb1 Qe5 72. Be4 Kg7 73. Qb7+ Kf6 74. Qxh7 Qa1+ 75. Bb1 Qd4 76. Qh8+ 1-0

[Event "Late-Titled-Tuesday-Blitz-October-10-2023"]
[Site "Chess.com"]
[Date "2023.10.10"]
[Round "6"]
[White "MKlose11"]
[Black "Levanzovsky"]
[Result "1-0"]
[WhiteElo "2635"]
[BlackElo "2434"]
[TimeControl "180+1"]
[EndTime "15:04:23 PDT"]
[Termination "MKlose11 won by resignation"]

1. e4 e5 2. Nf3 Nc6 3. d4 exd4 4. Bc4 Nf6 5. O-O Nxe4 6. Re1 d5 7. Bxd5 Qxd5 8.
Nc3 Qa5 9. Nxe4 Be6 10. Neg5 O-O-O 11. Nxe6 fxe6 12. Rxe6 Bd6 13. Qe2 Kd7 14. Bg5 Rde8 15. Re1 Qxe1+ 16. Qxe1 Rxe6 17. Qd2 Rhe8 18. g3 Re2 19. Qd1 h6 20. Bd2 Bc5 21. b4 Bb6 22. b5 Nd8 23. Nxd4 Bxd4 24. Be3 Rxc2 25. Qxc2 Bxe3 26.
fxe3 Re6 27. Qf5 a6 28. a4 axb5 29. axb5 Ke7 30. Kg2 Nf7 31. Qc5+ Kd7 32. Qd4+ Nd6 33. Qxg7+ Kd8 34. Qd4 Ke8 35. b6 cxb6 36. Qxb6 Kd7 37. h4 Re5 38. g4 Ke6 39. Qb3+ Ke7 40. Qg8 Re6 41. Kf3 b5 42. g5 hxg5 43. hxg5 b4 44. Qb8 Nf7 45. Qxb4+ Ke8 46. Qb8+ Ke7 47. Qg8 Rg6 48.
Qa8 Rxg5 49. e4 Rg6 50. Kf4 Rf6+ 51. Ke3 Rd6 52. Qb7+ Ke6 53. Qb3+ Ke7 54. Kf4 Rf6+ 55. Ke3 Rd6 56. Qb7+ Ke6 57. Kf4 Rd7 58. Qb3+ Ke7 59.
e5 Rd4+ 60. Kf5 Rd7 61. Qb4+ Ke8 62. Kf6 Nd8 63. e6 Rh7 64. Qb5+ Kf8 65. Qc5+ Ke8 66.
Qb5+ Kf8 67. Qb4+ Ke8 68. Qa4+ Kf8 69. Qa3+ Ke8 70. Qe3 Re7 71. Kf5 Kf8 72. Qh6+ Ke8 73. Qg6+ Kf8 74. Qh6+ Kg8 75. Qf6 Re8 76. e7 Nf7 77.
Ke6 Nd8+ 78. Kd7 Rf8 79. Qxf8+ 1-0

[Event "Late-Titled-Tuesday-Blitz-October-10-2023"]
[Site "Chess.com"]
[Date "2023.10.10"]
[Round "6"]
[White "Defenstrator"]
[Black "AlexOstrovskiy"]
[Result "0-1"]
[WhiteElo "2403"]
[BlackElo "2610"]
[TimeControl "180+1"]
[EndTime "15:04:24 PDT"]
[Termination "AlexOstrovskiy won on time"]

1. e4 d5 2. Nf3 dxe4 3. Ng5 Nf6 4.
Bc4 e6 5. Nc3 Qd4 6. Qe2 Nc6 7.
O-O Qe5 8. Ngxe4 Nd4 9. Nxf6+ gxf6 10. Qxe5 fxe5 11. Nb5 Nxb5 12. Bxb5+ Bd7 13. Bxd7+ Kxd7 14. b3 Bd6 15. Bb2 Rhd8 16. Rae1 f6 17. f4 exf4 18. Bxf6 Rf8 19. Be5 Rf5 20. d4 Raf8 21. Re4 b5 22.
Rf3 h5 23. Rd3 f3 24. gxf3 Rxf3 25. Rxf3 Rxf3 26. c4 bxc4 27. bxc4 Ra3 28. c5 Be7 29. Re2 Ra4 30. Kf2 Kc6 31. Ke3 Kd5 32. Rb2 Bxc5 33. dxc5 Kxe5 34. Rb7 Ra3+ 35. Kf2 Rxa2+ 36. Kg3 h4+ 37. Kxh4 Rxh2+ 38. Kg3 Rc2 39. Rxc7 a5 40. Kf3 Kd5 41. Rd7+ Ke5 42. Rc7 a4 43. Ra7 Rc4 44. c6 Kd6 45. c7 Rxc7 46. Rxa4 Kd5 47. Ke3 Rc3+ 48. Kd2 Rh3 49. Ra5+ Ke4 50. Ke2 Rh2+ 51.
Ke1 Rh3 52. Ra4+ Kf5 53. Kf2 e5 54. Ra8 Rc3 55. Ke2 Kf4 56. Rf8+ Ke4 57. Ra8 Rc4 58. Ra3 Rc2+ 59. Ke1 Rh2 60. Rb3 Kf4 61. Rb8 Kf3 62. Rb3+ Kf4 63. Rb8 Ra2 64. Rf8+ Ke3 65. Kd1 Ra1+ 66.
Kc2 e4 67. Rh8 Rf1 68. Rh7 Ke2 69. Rf7 Rxf7 0-1

[Event "Late-Titled-Tuesday-Blitz-October-10-2023"]
[Site "Chess.com"]
[Date "2023.10.10"]
[Round "6"]
[White "ameetghasi100"]
[Black "Gravity_Chess"]
[Result "0-1"]
[WhiteElo "2736"]
[BlackElo "2889"]
[TimeControl "180+1"]
[EndTime "15:04:29 PDT"]
[Termination "Gravity_Chess won on time"]

1. b3 Nf6 2. Bb2 e6 3. Nf3 b6 4. g3 Bb7 5. Bg2 c5 6. O-O Be7 7. e3 O-O 8. c4 d5 9. Qe2 Nc6 10. Rd1 Qc7 11. Nc3 dxc4 12. bxc4 Rfd8 13. d3 Rac8 14. Ne1 Nb4 15. Bxb7 Qxb7 16. a3 Nc6 17. Rab1 Rd7 18. f4 Rcd8 19. g4 h6 20. h4 Nh7 21.
g5 hxg5 22. hxg5 e5 23. Nd5 exf4 24. exf4 Bf8 25. Qe4 Ne7 26. Nxe7+ Rxe7 27. Qxb7 Rxb7 28. Nf3 Bd6 29. Be5 Bxe5 30. Nxe5 f6 31. gxf6 gxf6 32. Nf3 Rg7+ 33. Kf2 Nf8 34. f5 Kf7 35. d4 cxd4 36.
Rxd4 Rxd4 37. Nxd4 Rg4 38. Ke3 Nd7 39. Rh1 Ne5 40.
Rh7+ Ke8 41. Nb5 Nxc4+ 42. Kf3 Ne5+ 43. Ke3 Nc4+ 44. Kf3 Ne5+ 45. Ke2 a6 46. Nc7+ Kd8 47. Nd5 Rg5 48. Rh8+ Kd7 49. Nxf6+ Kc6 50. Rh6 Rxf5 51. Ne4+ Kc7 52. Nd6 Rf4 53. Re6 Nd7 54. Ne8+ Kd8 55. Nd6 Ra4 56. Re3 b5 57. Kd2 Kc7 58. Ne4 Nb6 59.
Rc3+ Nc4+ 60. Kd3 Rxa3 61. Nc5 Rxc3+ 62. Kxc3 Kb6 63. Nd7+ Ka5 64. Nc5 Nd6 65. Kd4 Kb6 66. Kd5 Nb7 67. Nd7+ Kc7 68. Ne5 a5 69. Nc6 Kb6 70.
Nd4 a4 71. Ke4 Ka5 72. Kd3 Nc5+ 73. Kc3 b4+ 74. Kc4 b3 75. Ne2 b2 76. Nc3 a3 77.
Kxc5 a2 78. Nxa2 b1=Q 79. Nc3 Qb4+ 0-1

[Event "Late-Titled-Tuesday-Blitz-October-10-2023"]
[Site "Chess.com"]
[Date "2023.10.10"]
[Round "6"]
[White "JoakimVonAnd"]
[Black "WPWPWP-2015"]
[Result "0-1"]
[WhiteElo "2671"]
[BlackElo "2536"]
[TimeControl "180+1"]
[EndTime "15:04:30 PDT"]
[Termination "WPWPWP-2015 won by checkmate"]

1. d4 d5 2. c4 e6 3. Nc3 Nf6 4. cxd5 exd5 5. Bg5 c6 6. e3 Be7 7. Bd3 O-O 8. Qc2 Nbd7 9. Nf3 Re8 10. O-O Nf8 11.
Rab1 a5 12. a3 Ng6 13. b4 axb4 14. axb4 Bd6 15. b5 Bg4 16. Nh4 Nf8 17. bxc6 bxc6 18.
Nf5 Bxf5 19. Bxf5 g6 20. Bh3 Ne6 21. Bxe6 Rxe6 22. Bxf6 Qxf6 23. Ne2 Rc8 24. Rb7 h5 25. Ra1 Re7 26. Raa7 Rxb7 27. Rxb7 h4 28. h3 Kg7 29.
Nc1 Qf5 30. Qxf5 gxf5 31. Nd3 Kf6 32. Kf1 Ke6 33. Ke2 Ra8 34. Rb6 Kd7 35. Rb7+ Ke6 36.
Rb3 Ra2+ 37. Kf3 Kd7 38. Rb2 Ra7 39. Nf4 Kc7 40. Nh5 Ra8 41. Rb3 Rh8 42. Ng7 Rh6 43. Nxf5 Rf6 44. Kg4 Rg6+ 45. Kxh4 Rxg2 46. Rb2 Kd7 47.
Rb7+ Bc7 48. Nd6 Kxd6 49. f3 Bd8+ 50. Kh5 Rg3 51. Rxf7 Rxh3+ 52. Kg4 Rh1 53. e4 Rg1+ 54. Kh3 Ke6 55. Rf8 Be7 56. Rc8 Kd7 57. Rh8 Rd1 58. Rh5 Rxd4 59. exd5 cxd5 60. Kg3 Ke6 61. Kf2 Bf6 62.
Ke3 Ra4 63. Rh6 Kf5 64. Rh5+ Bg5+ 65. f4 Rxf4 66. Kd3 Rg4 67. Rh3 Ke6 68. Rf3 Bf6 69. Rf1 Be5 70. Re1 Rg3+ 71. Re3 Rxe3+ 72. Kxe3 Kd6 73.
Kd3 Kc5 74. Ke2 Bf6 75. Kd2 Bg7 76. Kd1 Kc4 77. Kd2 Kd4 78. Kd1 Kd3 79. Ke1 d4 80.
Kd1 Bf8 81. Ke1 Kc2 82. Ke2 d3+ 83. Ke1 d2+ 84. Kf2 d1=Q 85. Kg3 Qd2 86. Kg4 Qe2+ 87. Kf5 Qf3+ 88. Kg6 Qe4+ 89. Kf7 Qd3 90. Kg8 Kc3 91. Kf7 Kd4 92. Kg8 Ke5 93. Kf7 Kf5 94. Ke8 Kf6 95. Kxf8 Qd8# 0-1

[Event "Late-Titled-Tuesday-Blitz-October-10-2023"]
[Site "Chess.com"]
[Date "2023.10.10"]
[Round "6"]
[White "Vegan4future"]
[Black "Djager97"]
[Result "1-0"]
[WhiteElo "2446"]
[BlackElo "2618"]
[TimeControl "180+1"]
[EndTime "15:04:33 PDT"]
[Termination "Vegan4future won on time"]

1. d4 d5 2. Nc3 Nf6 3. Bf4 a6 4. e3 e6 5. g4 Bb4 6. Ne2 c5 7. a3 Bxc3+ 8. Nxc3 Nc6 9. dxc5 O-O 10. Bd6 Re8 11. g5 Nd7 12. b4 b6 13. cxb6 Nxb6 14. Bg3 Qxg5 15. e4 d4 16. Ne2 e5 17. Bg2 Bg4 18. f3 Be6 19. O-O Nc4 20. Qc1 Ne3 21. Rf2 Rac8 22. f4 Qh6 23. fxe5 d3 24. cxd3 Nd4 25.
Qb2 Nxe2+ 26. Qxe2 Nxg2 27. Rxg2 Rc3 28. Rf1 Bh3 29. Bf4 Qe6 30. d4 Bxg2 31. Qxg2 Rxa3 32. d5 Qb6+ 33. Kh1 Rc8 34. e6 fxe6 35. Be5 Qb7 36. dxe6 Rf8 37. Rc1 Re3 38. h3 Qxe4 39. e7 Qxg2+ 40.
Kxg2 Re8 41. Bd6 R3xe7 42. Bc5 Re2+ 43. Kf3 R2e3+ 44. Bxe3 Rd8 45. Rc5 Rb8 46. Ra5 Rxb4 47. Rxa6 h6 48. Ra5 Kh7 49. Ra2 Rb7 50. Rh2 Rf7+ 51.
Kg3 Re7 52. Bf2 Rf7 53. Kg2 Re7 54. h4 Re5 55. Rh1 h5 56. Bg3 Rf5 57. Kh3 Rd5 58.
Re1 Rf5 59. Re7 Kh6 60. Ra7 Kg6 61. Be1 Kh6 62. Bd2+ Kg6 63. Bg5 Rf3+ 64. Kg2 Rf5 65. Kg3 Rd5 66. Ra3 Rf5 67. Rb3 Rd5 68. Rc3 Rf5 69. Rc6+ Kh7 70. Rc7 Kg6 71. Bd2 Rd5 72.
Bc3 Rd3+ 73. Kg2 Kf5 74. Bxg7 Rd2+ 75. Kf3 Rd3+ 76. Ke2 Rh3 77. Rc4 Rg3 78. Bh6 Rb3 79. Bg5 Rb2+ 80. Kf3 Rb3+ 81. Kf2 Rb2+ 82. Ke3 Rb3+ 83.
Kd4 Ra3 84. Kd5 Ra5+ 85. Rc5 Ra2 86. Kd6+ Kg6 87. Ke7 Re2+ 88. Kf8 Rf2+ 89. Kg8 1-0

[Event "Late-Titled-Tuesday-Blitz-October-10-2023"]
[Site "Chess.com"]
[Date "2023.10.10"]
[Round "6"]
[White "subham777"]
[Black "GaiozNigalidze"]
[Result "0-1"]
[WhiteElo "2526"]
[BlackElo "2728"]
[TimeControl "180+1"]
[EndTime "15:04:34 PDT"]
[Termination "GaiozNigalidze won by resignation"]

1. e4 c5 2. Nf3 Nc6 3. Bb5 g6 4. O-O Bg7 5. c3 a6 6. Ba4 b5 7. Bc2 c4 8. a4 Bb7 9. Na3 Qb6 10.
d4 cxd3 11. Qxd3 b4 12. Be3 Qc7 13. Nc4 Nf6 14. Bb6 Qb8 15. Rfe1 d6 16. Rad1 O-O 17. a5 Qc8 18. Ne3 Nd7 19. Bd4 Nxd4 20. cxd4 Qd8 21.
Ra1 Rb8 22. Bb3 Nf6 23. Nc4 Bxe4 24. Rxe4 Nxe4 25. Qxe4 d5 26. Qe2 dxc4 27. Qxc4 Qd6 28. Re1 e6 29. Ne5 Rbc8 30. Qd3 Bxe5 31. Rxe5 Rc1+ 32. Bd1 Rd8 33. Re4 Qc6 34. Re1 Qc4 35.
Qxc4 Rxc4 36. Be2 Rc6 37. Rd1 Rcd6 38. g3 Rxd4 39. Rc1 R4d6 40. Rc4 Rb8 41. Kg2 Rd5 42. b3 Rxa5 43. Rc6 Ra2 44. Bxa6 Rd2 45. Bc4 Ra8 46. Rc7 Raa2 47. Kf3 Rxf2+ 48. Ke3 Rxh2 49. Kf4 Rhf2+ 50. Ke5 Kg7 51. Kd6 Rad2+ 52. Ke7 h5 53. Ke8 Kh6 54. Kf8 Kg5 55. Rc5+ Kg4 56. Kg7 Kxg3 57. Rb5 h4 58. Rg5+ Kh2 59. Rg4 h3 60. Rg5 Rg2 61. Re5 Rg3 62. Ba6 Kg2 63. Bb7+ Kf2 64. Re4 h2 65.
Rh4 Ke3 66. Kxf7 Rg1 67. Kxe6 g5 68. Rh3+ Kd4 69. Rh5 g4 70. Kd6 g3 71. Kc6 Kc3 72.
Kb5 Kxb3 73. Rh3 Kb2 74. Rh4 b3 75. Kb4 Re1 76. Rh3 Rd4+ 77. Kc5 Rd3 78. Kc4 Rc3+ 79. Kb4 g2 80. Rxh2 Re2 81. Bf3 Rxf3 82. Rh4 Rfe3 83. Rh2 Re4+ 84. Kb5 g1=Q 85. Rh6 Qg5+ 86. Ka6 Qxh6+ 87.
Kb7 Re7+ 0-1

[Event "Late-Titled-Tuesday-Blitz-October-10-2023"]
[Site "Chess.com"]
[Date "2023.10.10"]
[Round "6"]
[White "djano"]
[Black "Battever"]
[Result "1/2-1/2"]
[WhiteElo "2676"]
[BlackElo "2521"]
[TimeControl "180+1"]
[EndTime "15:04:47 PDT"]
[Termination "Game drawn - insufficient material"]

1. e4 c5 2. Nc3 g6 3. Bc4 Bg7 4. h4 h6 5. Qf3 e6 6. d4 cxd4 7. Nb5 d6 8. Bf4 Be5 9. Bxe5 dxe5 10. Qa3 Ne7 11. Nd6+ Kf8 12. f4 Nbc6 13. Nf3 exf4 14. O-O-O Qa5 15. Qxa5 Nxa5 16. Rxd4 Nec6 17. Rd2 Nxc4 18.
Nxc4 Ke7 19. Rhd1 Rd8 20. Nd6 e5 21. c3 Bg4 22. Nxb7 Rxd2 23. Rxd2 f5 24. Nc5 fxe4 25. Nxe4 Bf5 26. Nd6 e4 27. Nxe4 Bg4 28. Nf2 Bxf3 29. gxf3 Ne5 30. Re2 Kf6 31. Ne4+ Ke6 32. Nc5+ Kd5 33. b4 Nxf3 34. Rf2 Ne5 35. Rxf4 a5 36. Kb1 a4 37. Rd4+ Kc6 38. a3 Rf8 39. Ne4 Rf1+ 40.
Kc2 Nf7 41. c4 Rf3 42. b5+ Kc7 43. c5 Rxa3 44. b6+ Kc6 45. Rb4 Rb3 46. Rxb3 axb3+ 47. Kxb3 Ne5 48. Kb4 g5 49. hxg5 hxg5 50. Nxg5 Nd3+ 51. Ka5 Nxc5 52. Nf7 Nb7+ 53. Ka6 Nc5+ 54. Ka7 Nd7 55. Nd8+ Kd6 56. b7 Kc7 57. Ne6+ Kc6 58. Nf8 Nxf8 59.
b8=Q Nd7 60. Qc8+ Kd6 61. Qh8 Ke7 62. Qh7+ Ke6 63. Kb7 Nf6 64. Qg6 Ke5 65. Kc6 Ne4 66. Qe8+ Kd4 67. Qh8+ Kd3 68. Kd5 Nc3+ 69. Ke5 Ne2 70.
Qh3+ Kd2 71. Qh2 Ke3 72. Kd5 Nf4+ 73. Kc4 Ke4 74. Qh4 Ke5 75. Qg4 Ke4 76. Qg1 Kf5 77. Qf2 Ke5 78. Qf3 Kf5 79. Kd4 Kg5 80. Ke4 Ng6 81. Qg3+ Kf6 82. Qg4 Ne7 83. Qh4+ Ke6 84.
Qh6+ Kd7 85. Ke5 Nc6+ 86. Kf6 Kd6 87. Qd2+ Kc5 88. Ke6 Nd4+ 89. Ke5 Nf3+ 90. Kf4 Nxd2 1/2-1/2

[Event "Late-Titled-Tuesday-Blitz-October-10-2023"]
[Site "Chess.com"]
[Date "2023.10.10"]
[Round "7"]
[White "Javylavilla"]
[Black "elcala"]
[Result "1-0"]
[WhiteElo "2343"]
[BlackElo "1758"]
[TimeControl "180+1"]
[EndTime "15:06:31 PDT"]
[Termination "Javylavilla won by resignation"]

1. e4 d5 2. exd5 Qxd5 3. Nc3 Qd6 4. d4 Nf6 5. g3 Bf5 6. Bg2 a6 7. Bxb7 Ra7 8. Bg2 e6 9. Nge2 Be7 10. O-O O-O 11. Bf4 Qb6 12. b3 Nbd7 13. Na4 Qb8 14.
c4 c5 15. dxc5 1-0

[Event "Late-Titled-Tuesday-Blitz-October-10-2023"]
[Site "Chess.com"]
[Date "2023.10.10"]
[Round "7"]
[White "kreonx"]
[Black "vyprd"]
[Result "1-0"]
[WhiteElo "2493"]
[BlackElo "2354"]
[TimeControl "180+1"]
[EndTime "15:06:49 PDT"]
[Termination "kreonx won by checkmate"]

1. e4 c5 2. Nc3 Nc6 3. g3 g6 4.
Bg2 Bg7 5. d3 d6 6. Be3 Rb8 7.
Qd2 b5 8. Nd1 b4 9. a3 a5 10. axb4 axb4 11. f4 e6 12. Nf3 Nge7 13.
d4 cxd4 14. Nxd4 O-O 15. Nf2 Bb7 16. O-O d5 17. exd5 Nxd5 18. Nxc6 Bxc6 19. Bd4 Bb5 20.
Bxg7 Kxg7 21. Rfd1 Qe7 22. Bxd5 exd5 23. Qd4+ Kg8 24.
Ng4 f5 25. Nh6# 1-0

[Event "Late-Titled-Tuesday-Blitz-October-10-2023"]
[Site "Chess.com"]
[Date "2023.10.10"]
[Round "7"]
[White "DanielNaroditsky"]
[Black "GMBenjaminBok"]
[Result "1/2-1/2"]
[WhiteElo "3178"]
[BlackElo "3025"]
[TimeControl "180+1"]
[EndTime "15:06:51 PDT"]
[Termination "Game drawn by agreement"]

1. e4 c5 2. Nf3 d6 3. Bb5+ Nd7 4. O-O a6 5. Bd3 Ngf6 6. Re1 e6 7. Bf1 Be7 8. c4 b6 9. Nc3 Bb7 10. d4 cxd4 11. Nxd4 O-O 12. b3 Qc7 13. Bb2 Rac8 14. Rc1 Rfe8 15. g3 Bf8 16. Bg2 g6 17. Qd2 Bg7 18. Rcd1 Nc5 19. Ba1 Ba8 20. h3 Qb8 21. Nc2 Red8 1/2-1/2

[Event "Late-Titled-Tuesday-Blitz-October-10-2023"]
[Site "Chess.com"]
[Date "2023.10.10"]
[Round "7"]
[White "NFChess13"]
[Black "stasOR4ik"]
[Result "1-0"]
[WhiteElo "2636"]
[BlackElo "2448"]
[TimeControl "180+1"]
[EndTime "15:07:31 PDT"]
[Termination "NFChess13 won by resignation"]

1. e4 e6 2. Nc3 d5 3. Nf3 dxe4 4. Nxe4 Nf6 5. Qe2 Nc6 6. c3 Qd5 7. Nxf6+ gxf6 8. d4 Bd7 9. Bf4 O-O-O 10. Qc4 Qe4+ 11.
Be3 f5 12. Ng5 Ne5 13. Qe2 f4 14. Nxe4 1-0

[Event "Late-Titled-Tuesday-Blitz-October-10-2023"]
[Site "Chess.com"]
[Date "2023.10.10"]
[Round "7"]
[White "Zq1"]
[Black "acertijo08"]
[Result "0-1"]
[WhiteElo "2550"]
[BlackElo "2417"]
[TimeControl "180+1"]
[EndTime "15:07:36 PDT"]
[Termination "acertijo08 won by resignation"]

1. d4 Nf6 2. c4 e6 3. Nc3 d5 4. Nf3 c5 5. cxd5 Nxd5 6. e4 Nxc3 7. bxc3 cxd4 8. cxd4 Bb4+ 9. Bd2 Bxd2+ 10. Qxd2 O-O 11. Bc4 Nc6 12. O-O b6 13. Rad1 Bb7 14.
d5 Na5 15. Bd3 exd5 16. e5 Nc4 17. Qf4 Nb2 18. Bxh7+ Kxh7 19. Qh4+ Qxh4 0-1

[Event "Late-Titled-Tuesday-Blitz-October-10-2023"]
[Site "Chess.com"]
[Date "2023.10.10"]
[Round "7"]
[White "PNEPaul"]
[Black "howitzer14"]
[Result "0-1"]
[WhiteElo "1980"]
[BlackElo "2972"]
[TimeControl "180+1"]
[EndTime "15:08:14 PDT"]
[Termination "howitzer14 won by resignation"]

1. e4 c5 2. Nf3 d6 3. d4 cxd4 4. c3 Nf6 5. Bd3 dxc3 6. Nxc3 Nc6 7. h3 g6 8. O-O Bg7 9. a3 O-O 10. Bd2 Be6 11. b4 Rc8 12. Rc1 Nd7 13. Ng5 Nde5 14. Nxe6 fxe6 15. Be2 Nd4 16. f4 Nxe2+ 17. Qxe2 Nc4 18.
Kh2 Qd7 19. Be1 Nxa3 20. e5 dxe5 21. Ne4 Rxc1 0-1

[Event "Late-Titled-Tuesday-Blitz-October-10-2023"]
[Site "Chess.com"]
[Date "2023.10.10"]
[Round "7"]
[White "Arteler"]
[Black "schondeln"]
[Result "1-0"]
[WhiteElo "2594"]
[BlackElo "2389"]
[TimeControl "180+1"]
[EndTime "15:08:31 PDT"]
[Termination "Arteler won by resignation"]

1. d4 d5 2. Nc3 Nf6 3. Bf4 c6 4. e3 Bf5 5. Nf3 Nbd7 6. Ne5 Nxe5 7. dxe5 Ne4 8. Nxe4 Bxe4 9. f3 Bg6 10. h4 h5 11.
e6 Qb6 12. Bd3 Qxb2 13. Bxg6 fxg6 14. Rb1 Qf6 15. Rxb7 Qxe6 16. Qd4 Qf5 17. O-O g5 18. Bxg5 e5 19. Qa4 Qe6 20. Rfb1 Bd6 21. Qxc6+ Kf8 22.
Be7+ Qxe7 23. Rxe7 Bxe7 24. Qxa8+ 1-0

[Event "Late-Titled-Tuesday-Blitz-October-10-2023"]
[Site "Chess.com"]
[Date "2023.10.10"]
[Round "7"]
[White "Mariia89"]
[Black "rochaaaaaaaaaa"]
[Result "1-0"]
[WhiteElo "2088"]
[BlackElo "2380"]
[TimeControl "180+1"]
[EndTime "15:08:40 PDT"]
[Termination "Mariia89 won by resignation"]

1. d4 d5 2. c4 e6 3. Nc3 h6 4. Nf3 Nf6 5. Bf4 Bd6 6. Bxd6 Qxd6 7. e3 O-O 8. Bd3 dxc4 9. Bxc4 a6 10. O-O b5 11. Bd3 Bb7 12. Re1 c5 13. e4 Qb6 14.
e5 Nd5 15. dxc5 Qxc5 16. Ne4 Qe7 17. Qd2 Nc6 18. a3 Rfd8 19. Rad1 Rd7 20. Bb1 Rad8 21. Qc2 g6 22. Nc5 1-0

[Event "Late-Titled-Tuesday-Blitz-October-10-2023"]
[Site "Chess.com"]
[Date "2023.10.10"]
[Round "7"]
[White "Witaliss"]
[Black "Grandmaster1369"]
[Result "0-1"]
[WhiteElo "2520"]
[BlackElo "2767"]
[TimeControl "180+1"]
[EndTime "15:09:07 PDT"]
[Termination "Grandmaster1369 won by checkmate"]

1. Nf3 c5 2. g3 g6 3. Bg2 Bg7 4. O-O Nc6 5. d3 d5 6. Nbd2 Nf6 7. e4 e6 8. Qe2 O-O 9. c3 a5 10. e5 Nd7 11. d4 b6 12. Qe3 cxd4 13. cxd4 Ba6 14.
Rd1 Nb4 15. Qb3 Rc8 16. a3 Nc2 17. Rb1 Be2 18. Rf1 b5 19. h4 a4 20. Qa2 Qb6 21. b3 Nxd4 22. bxa4 Rc2 23. Qa1 Nxf3+ 24. Bxf3 Bxf1 25.
Kxf1 Bxe5 26. Bb2 Rxd2 27. Bxe5 Qxf2# 0-1